 Dungeon Crawl Stone Soup version 0.31-a0-536-ga3e2962e35 (webtiles) character file.

Game seed: 2997803073090591295

15 Morbidden the Changeling (level 2, 21/21 HPs)
             Began as a Demonspawn Shapeshifter on Aug 13, 2023.
             Was a Plaything of Xom.
             Quit the game on level 1 of the Dungeon.
             The game lasted 00:00:36 (331 turns).

Morbidden the Changeling (Demonspawn Shapeshifter)   Turns: 331, Time: 00:00:36

Health: 21/21      AC:  2    Str: 15    XL:     2   Next: 34%
Magic:  2/2        EV: 12    Int:  9    God:    Xom [..*...]
Gold:   30         SH:  0    Dex: 13    Spells: 1/1 levels left

rFire   . .          .
                       - Unarmed
rCold   . . .        (no shield)
rNeg    . . .        a - +0 animal skin
rPois   .            (helmet currently unavailable)
rElec   .            (cloak currently unavailable)
rCorr   .            (gloves currently unavailable)
SInv    .            (boots currently unavailable)
Will    .....        (no amulet)
Stlth   +            (no ring)
HPRegen 0.23/turn    (no ring)
MPRegen 0.08/turn

%: no passive effects
@: beast-form
A: beast (slay +2), powered by pain 1
a: Begin Untransformation, Renounce Religion


You were on level 1 of the Dungeon.
You worshipped Xom.
You were a toy of Xom.
You were a hulking beast.
You visited 1 branch of the dungeon, and saw 1 of its levels.

You collected 30 gold pieces.

Inventory:

Armour
 a - a +0 animal skin (worn)
Talismans
 c - a beast talisman (active)
 d - a flux talisman
Scrolls
 e - a scroll of poison {unknown}
Potions
 b - a potion of lignification


   Skills:
 * Level 1.1 Fighting
 * Level 1.9 Dodging
 * Level 2.8 Unarmed Combat
 * Level 0.1 Spellcasting
 * Level 3.0 Shapeshifting


You had one spell level left.
You didn't know any spells.
Your spell library was empty.

Dungeon Overview and Level Annotations

Branches:
Dungeon (1/15)

Altars:
Xom


Innate Abilities, Weirdness & Mutations

You are a hulking beast.
Your limbs bulge with bestial killing power. (Slay +2)
You sometimes gain a little power by taking damage.


Message History

No target in view!
You open the door.
There is an open door here.
A rat comes into view.
A rat is nearby!
A hobgoblin comes into view.
Found a scroll labelled FAJAUDD HURRIGG.
There are monsters nearby!
There are monsters nearby!
The hobgoblin shouts!
There are monsters nearby!
A rat comes into view.
Found 5 gold pieces.
Unknown command.
You hit the rat.
You kill the rat!
You hit the hobgoblin. Your punch misses the hobgoblin.
The hobgoblin is severely wounded.
The hobgoblin hits you.
You hit the hobgoblin.
You kill the hobgoblin!
The rat barely misses you.
You closely miss the rat. The rat bites you.
You hit the rat.
The rat is moderately wounded.
The rat closely misses you.
You punch the rat!
You kill the rat!
There is an open door here.
HP restored.
There is an open door here.
There is a faded altar of an unknown god here.
You see here a stone.
This altar belongs to (a) Wu Jian, (b) Uskayaw or (c) Xom, but you can't tell which.
Press the corresponding letter to learn more about a god, or press enter to convert or escape to cancel.
Xom accepts your prayer! Xom welcomes you!
Xom is very intrigued!
Unknown command.
Press < or > to pray at altars.
Are you sure you want to abandon this character and quit the game? (Confirm with "yes".)

.###......#...........#
####.?.. ........#
#....#§#....### ....
........# +....≈_≈§...'÷#
....
†.......###....#≈#§..)###
....
..##......#...........#
...#
####......##.........##
#.......##.......##
#.)......####'####
#..........##h#
##.############ #.# #.#
#.#♣ ♣♣♣ #..♣♣♣.♣♣ ♣♣♣
##..♣.#.♣ ♣♣.♣♣ ♣♣
#.♣.♣.♣♣ ♣.#.♣ ♣♣.
#.♣♣.♣.♣♣ ♣♣.♣♣ ♣.#


There were no monsters in sight!

Vanquished Creatures
  A dart slug (D:1)
  An endoplasm (D:1)
  A giant cockroach (D:1)
  4 hobgoblins (D:1)
  A kobold (D:1)
  5 rats (D:1)
13 creatures vanquished.

Notes
Turn   | Place    | Note
-------+----------+-------------------------------------------
     0 | D:1      | Morbidden the Demonspawn Shapeshifter began the quest for
                  | the Orb.
     0 | D:1      | Reached XP level 1. HP: 15/15 MP: 1/1
   170 | D:1      | Gained mutation: You sometimes gain a little power by
                  | taking damage. [demonic ancestry]
   170 | D:1      | Reached XP level 2. HP: 7/21 MP: 2/2
   172 | D:1      | Reached skill level 3 in Shapeshifting
   279 | D:1      | Found a faded altar of an unknown god.
   330 | D:1      | Prayed at the altar of an unknown god.
   330 | D:1      | Became a worshipper of Xom of Chaos
   331 | D:1      | Quit the game

Illustrated notes

Levels and vault maps discovered:
D:1:      nagdon_arrival_zigzag_paths, layout_basic,
          hellmonk_ecumenical_altar_defaced_shrine,
          minmay_misc_feat_secret_circle

Skill      XL: |  1  2 |
---------------+-------+-----
Shapeshifting  | 3 |  3.0
Fighting       | |  1.1
Dodging        | |  1.9
Unarmed Combat | |  2.8
Spellcasting   | |  0.1

Action                     || total
---------------------------++-------
  Melee: Unarmed           ||    35
 Armour: Animal skin       ||     2
  Dodge: Dodged            ||    23

Table legend: (Time is in decaauts)
 A = Elapsed time spent in this place.
 B = Non-inter-level travel time spent in this place.
 C = Inter-level travel time spent in this place.
 D = Time resting spent in this place.
 E = Time spent auto-exploring this place.
 F = Levels seen in this place.
 G = Mean time per level.
                   A        B        C        D        E       F      G
               +--------+--------+--------+--------+--------+-----+--------+
         Total |    329 |    311 |     18 |     92 |    135 |   1 |  329.0 |
       Dungeon |    329 |    311 |     18 |     92 |    135 |   1 |  329.0 |
               +--------+--------+--------+--------+--------+-----+--------+

Top non-repeatable levels by time:
     D:1: 329 daAuts
